Map: Winter Madness LE

Players

Lambo - Winner!

  • Race: Zerg Zerg
  • League: Grandmaster
  • Spawn Location: 5:00

ratgameplay (uThermal)

  • Race: Terran Terran
  • League: Master
  • Spawn Location: 11:00

VOD

Have the link to the VOD?

Description

Time

  • Played on: Jan. 30, 2026, 7:43 a.m.
  • Length: 10:15
Show
View Real Time Build Order
Export as new Build Order

Lambo Zerg - Winner!

Build Orders: Hatch First 

Get SALT Encoding   

  12  0:00  Drone  
  13  0:07  Drone  
  13  0:14  Extractor, Drone  
  15  0:21  Overlord  
  15  0:39  Drone  
  16  0:44  Hatchery  
  16  0:48  Drone  
  16  0:51  Drone  
  16  0:55  Drone  
  18  1:05  Extractor  
  18  1:10  Spawning Pool  
  16  1:13  Drone  
  16  1:17  Drone  
  18  1:26  Drone  
  19  1:37  Drone  
  20  1:47  Drone  
  21  1:56  Queen, Drone  
  21  1:57  Queen  
  21  1:58  Zergling x2  
  27  2:06  Zergling x2  
  28  2:09  Overlord  
  28  2:18  Hatchery  
  28  2:21  Drone  
  28  2:33  Drone x3  
  30  2:40  Queen  
  32  2:46  Overlord  
  32  2:50  Metabolic Boost  
  32  2:51  Drone  
  33  2:53  Drone  
  33  2:56  Drone  
  35  3:05  Drone x3  
  38  3:08  Drone x2  
  40  3:21  Queen  
  40  3:23  Queen  
  40  3:24  Extractor  
  40  3:25  Overlord  
  44  3:31  Drone  
  44  3:32  Drone  
  44  3:34  Queen  
  46  3:37  Drone  
  49  3:43  Zergling x2  
  49  3:44  Drone x4  
  54  3:49  Drone  
  54  3:50  Drone x2, Overlord  
  57  3:58  Overlord  
  57  3:59  Overlord  
  57  4:04  Overlord  
  57  4:08  Overlord  
  57  4:13  Overlord  
  57  4:17  Queen  
  57  4:19  Drone x3  
  57  4:20  Roach Warren  
  57  4:22  Zergling x2  
  62  4:25  Zergling x6  
  62  4:27  Drone  
  62  4:29  Drone  
  62  4:30  Extractor  
  66  4:32  Drone x2  
  66  4:33  Drone  
  66  4:36  Drone x2  
  71  4:41  Drone x4  
  75  4:49  Lair  
  75  4:50  Drone x2  
  75  4:52  Drone x3  
  80  4:58  Spore Crawler  
  81  5:01  Spore Crawler  
  81  5:02  Queen  
  81  5:06  Spore Crawler  
  81  5:07  Roach x3  
  85  5:09  Roach x2  
  89  5:17  Roach x2, Drone x4  
  97  5:29  Overlord  
  97  5:35  Extractor  
  96  5:37  Extractor  
  90  5:44  Evolution Chamber  
  90  5:45  Evolution Chamber  
  90  5:48  Drone x9  
  97  5:53  Extractor  
  97  5:54  Roach x3  
  97  5:55  Extractor  
  102  6:02  Evolution Chamber  
  102  6:03  Evolution Chamber  
  103  6:04  Drone x3  
  103  6:08  Overseer  
  103  6:14  Drone x2  
  103  6:18  Hatchery  
  104  6:19  Overlord  
  104  6:20  Drone  
  104  6:25  Glial Reconstitution  
  105  6:26  Infestation Pit  
  105  6:27  Baneling Nest, Overlord  
  105  6:29  Overlord  
  105  6:30  Overlord  
  105  6:32  Overseer  
  100  6:34  Drone x6  
  103  6:45  Drone x3  
  105  6:48  Hydralisk Den, Drone x2  
  105  6:52  Drone x8  
  109  7:04  Drone x3  
  109  7:05  Pneumatized Carapace  
  111  7:10  Hive  
  111  7:13  Zerg Melee Weapons Level 1, Zerg Missile Weapons Level 1  
  110  7:17  Drone x3  
  110  7:19  Drone x6  
  110  7:21  Queen  
  120  7:24  Roach  
  120  7:29  Overlord  
  122  7:31  Overlord  
  122  7:32  Hatchery  
  122  7:33  Infestor x2  
  122  7:34  Overlord  
  125  7:37  Extractor, Roach x3  
  125  7:38  Spore Crawler, Extractor  
  128  7:45  Drone x2  
  128  7:49  Roach x4, Spine Crawler, Overlord  
  128  7:51  Drone x3  
  139  7:54  Spire  
  139  8:00  Ravager x2  
  139  8:04  Zergling x16  
  149  8:06  Centrifugal Hooks  
  149  8:17  Ravager x2  
  149  8:18  Overlord  
  149  8:19  Roach x7  
  164  8:23  Spine Crawler  
  164  8:26  Roach x3  
  167  8:29  Overlord  
  167  8:30  Zergling x4  
  167  8:33  Overlord x2  
  167  8:38  Overlord  
  167  8:46  Overlord  
  148  8:59  Roach x16  
  170  9:17  Mutalisk x6  
  170  9:19  Roach  
  170  9:20  Roach, Zergling x10  
  158  9:32  Zergling x14  
  157  9:39  Mutalisk x4  
  157  9:43  Mutalisk  
  157  9:46  Roach x3, Zergling x2  
  157  9:51  Zergling x18  
  169  9:56  Zergling x2  
Show
View Real Time Build Order
Export as new Build Order

ratgameplay Terran 

Build Orders: 2 Factory, Reaper Expand, Hellion Banshee, Mech 

Get SALT Encoding   

  12  0:00  SCV  
  13  0:12  SCV  
  14  0:16  Supply Depot  
  14  0:24  SCV  
  15  0:38  SCV  
  15  0:40  Barracks  
  16  0:42  Refinery  
  16  0:50  SCV  
  17  1:02  SCV  
  18  1:14  SCV  
  19  1:27  Reaper, Orbital Command  
  20  1:38  Command Center  
  20  1:49  Supply Depot  
  20  1:53  SCV  
  21  1:58  Marine  
  22  2:05  SCV  
  23  2:12  Factory  
  23  2:13  Refinery  
  23  2:17  SCV  
  23  2:19  Barracks Reactor  
  24  2:29  SCV  
  25  2:41  SCV  
  26  2:50  Orbital Command  
  26  2:53  SCV  
  26  2:58  Starport  
  27  3:02  Hellion x2  
  27  3:05  SCV  
  32  3:12  Factory  
  32  3:14  Barracks Tech Lab  
  32  3:17  SCV  
  32  3:18  SCV  
  34  3:23  Hellion x2  
  38  3:30  SCV  
  38  3:31  SCV, Supply Depot  
  40  3:40  Viking  
  42  3:42  SCV  
  42  3:45  Hellion  
  45  3:49  SCV  
  45  3:53  Hellion  
  45  3:55  Supply Depot, Factory Tech Lab  
  48  3:56  SCV  
  48  4:01  SCV  
  50  4:08  Hellion, SCV  
  53  4:14  Infernal Pre-Igniter  
  57  4:17  Hellion x2, SCV  
  57  4:18  Supply Depot  
  57  4:23  Supply Depot  
  58  4:25  Banshee  
  61  4:32  SCV  
  61  4:33  Cloaking Field  
  62  4:40  SCV, Hellion  
  65  4:46  Hellion x2  
  65  4:47  Supply Depot  
  65  4:49  SCV  
  65  4:52  SCV  
  71  5:03  Command Center  
  71  5:05  Hellion  
  73  5:08  Banshee  
  73  5:09  Hellion  
  73  5:11  Supply Depot  
  78  5:14  SCV  
  78  5:15  SCV  
  78  5:19  Hellion  
  82  5:24  Refinery x2  
  82  5:26  SCV  
  82  5:27  SCV  
  84  5:30  Barracks Tech Lab  
  84  5:31  Factory  
  84  5:37  Supply Depot, Hellion  
  84  5:41  Hellion  
  84  5:43  SCV  
  83  5:51  SCV  
  83  5:53  Factory  
  83  5:54  Factory  
  84  6:00  Supply Depot  
  84  6:01  Hellion, SCV  
  87  6:05  Siege Tank  
  87  6:07  SCV  
  91  6:18  SCV  
  90  6:20  SCV  
  90  6:22  Banshee  
  90  6:23  Siege Tank  
  97  6:29  Hellion  
  97  6:30  SCV  
  97  6:32  SCV  
  101  6:34  Refinery  
  101  6:36  Refinery, Hellion  
  103  6:42  SCV, Siege Tank, Factory Tech Lab  
  103  6:43  Factory Tech Lab  
  103  6:45  SCV  
  105  6:54  SCV  
  105  6:55  Orbital Command  
  105  6:58  Siege Tank  
  105  7:00  SCV  
  110  7:02  Supply Depot  
  110  7:05  Siege Tank  
  111  7:10  Siege Tank  
  111  7:13  SCV  
  115  7:16  Widow Mine  
  115  7:18  Supply Depot  
  115  7:19  SCV  
  118  7:24  Armory  
  118  7:25  Hellion  
  118  7:26  SCV  
  121  7:32  Supply Depot  
  121  7:33  Siege Tank  
  121  7:35  Siege Tank  
  127  7:39  SCV  
  127  7:40  Supply Depot  
  127  7:42  Siege Tank  
  131  7:45  Siege Tank  
  134  7:52  SCV  
  134  7:56  Supply Depot x2  
  134  7:57  SCV  
  136  8:00  Banshee  
  136  8:04  SCV  
  136  8:05  Siege Tank  
  143  8:07  Siege Tank  
  144  8:14  Terran Vehicle Weapons Level 1  
  144  8:17  Supply Depot, SCV  
  145  8:22  Siege Tank  
  145  8:24  Hellion  
  147  8:28  SCV  
  147  8:31  Siege Tank  
  151  8:35  SCV  
  151  8:37  Siege Tank, SCV  
  151  8:38  Command Center  
  156  8:43  SCV  
  156  8:45  Siege Tank  
  160  8:54  Siege Tank  
  160  8:56  SCV  
  153  9:03  Siege Tank  
  153  9:07  SCV  
  157  9:10  Command Center  
  157  9:13  Banshee  
  157  9:14  Siege Tank, Hellion  
  157  9:15  SCV  
  162  9:22  SCV  
  163  9:24  Engineering Bay  
  163  9:26  Hellion  
  151  9:35  Hellion  
  147  9:46  Hellion x2, SCV  
  147  9:47  Hellion  
  147  9:51  SCV  
  154  9:57  SCV  
Tags
 
Add a new tag
Caveats
  • Supply blocks, unpowered buildings, or Contaminate may cause inaccurate times.
  • Supply counts are checked every 10 seconds.